 Dungeon Crawl Stone Soup version 0.28-a0-691-gad6df49e81 (webtiles) character file.

Game seed: 13511696932794939629

718 lunkers the Magician (level 8, -2/60 HPs)
             Began as a Djinni Cinder Acolyte on Oct 21, 2021.
             Was a High Priest of Ignis.
             Slain by a human zombie (4 damage)
             ... in an ossuary.
             The game lasted 00:08:09 (7075 turns).

lunkers the Magician (Djinni Cinder Acolyte)        Turns: 7075, Time: 00:08:10

Health: -2/60      AC:  8    Str: 13    XL:     8   Next: 1%
Gold:   116        EV:  9    Int: 18    God:    Ignis [*****.] SH:  2 Dex:  9

rFire   + + +      SeeInvis .   g - staff of cold
rCold   . . .      Faith    .   d - +0 buckler
rNeg    . . .      Spirit   .   l - +0 ring mail
rPois   ∞          Reflect  .   c - +0 helmet
rElec   .          Harm     .   p - +1 cloak
rCorr   .          Rampage  .   (no gloves)
Will    .....                   (boots unavailable)
Stlth   ..........              (no amulet)
HPRegen 0.20/turn               (no ring)
MPRegen 0.00/turn               (no ring)

@: flying, very slightly contaminated
A: sickness immunity, fire resistance 2, cold vulnerability 1, float, innate
caster, hp casting, extra vitality 1
a: Renounce Religion, Sea of Fire, Foxfire Swarm, Rising Flame


You were in an ossuary.
You worshipped Ignis.
Ignis was extremely pleased with you.
You visited 1 branch of the dungeon, and saw 5 of its levels.
You also visited: Ossuary.

You collected 116 gold pieces.

Inventory:

Hand Weapons
 a - a -1 short sword of flaming
Armour
 c - a +0 helmet (worn)
 d - a +0 buckler (worn)
 l - a +0 ring mail (worn)
 p - a +1 cloak (worn)
Magical Staves
 g - a staff of cold (weapon)
Scrolls
 b - 2 scrolls of vulnerability {unknown}
 e - a scroll of noise {unknown}
 h - a scroll of magic mapping {unknown}
 j - 2 scrolls of enchant weapon {unknown}
 m - 2 scrolls of fear {unknown}
 o - a scroll of fog {unknown}
 q - a scroll of silence {unknown}
 s - a scroll of immolation {unknown}
 t - a scroll of holy word {unknown}
Potions
 i - 2 potions of attraction
 k - 2 potions of mutation
 n - a potion of brilliance {unknown}
 r - a potion of heal wounds {unknown}
 u - a potion of invisibility {unknown}


   Skills:
 + Level 5.5 Fighting
 - Level 2.6 Short Blades
 * Level 5.7 Spellcasting


You had 11 spell levels left.
You knew the following spells:

 Your Spells              Type           Power      Damage    Failure   Level
a - Magic Dart            Conj           100%       1d8       4%          1
b - Ensorcelled Hibernat  Hex/Ice        76%        N/A       7%          2
c - Wereblood             Tmut           25%        N/A       7%          2
p - Scorch                Fire           50%        2d7       7%          2
Your spell library was empty.

Dungeon Overview and Level Annotations

Branches:
Dungeon (5/15)            Ossuary (1/1)
 Temple: D:4-7

Altars:
Dithmenos
Fedhas
Hepliaklqana
Kikubaaqudgha
Ru
The Shining One

Shops:
D:5 *


Innate Abilities, Weirdness & Mutations

You are immune to sickness and miasma.
You are immune to poison.
Your flesh is very heat resistant. (rF++)
You are vulnerable to cold. (rC-)
You float through the air rather than walking.
You learn spells naturally, not from books.
Your magical power is your life essence.
You have superior vitality. (+4 HP)


Message History

Nothing appears to happen.
* * * LOW HITPOINT WARNING * * *
The scorpion stings you but does no damage.
The scorpion misses you.
Unknown command.
Casting: Scorch (safe; 8% risk of failure)
Press: ? - help, Q - select action, (/) - cycle Dir - look around, f - activate Flames lash the kobold zombie.
You destroy the kobold zombie!
* * * LOW HITPOINT WARNING * * *
The scorpion stings you but does no damage.
Unknown command.
Casting: Scorch (safe; 8% risk of failure)
Press: ? - help, Q - select action, (/) - cycle Dir - look around, f - activate Flames lash the scorpion.
The scorpion is almost dead.
The scorpion's fire resistance burns away.
* * * LOW HITPOINT WARNING * * *
The human zombie is no longer more vulnerable to fire.
The scorpion stings you.
* * * LOW HITPOINT WARNING * * *
Casting: Scorch (safe; 8% risk of failure)
Press: ? - help, Q - select action, (/) - cycle Dir - look around, f - activate Flames lash the scorpion.
The scorpion is burned terribly!
You kill the scorpion!
* * * LOW HITPOINT WARNING * * *
The human zombie hits you but does no damage.
You have reached level 8!
You feel clever.
Unknown command.
You feel better.
Unknown command.
Casting: Scorch (safe; 7% risk of failure)
Press: ? - help, Q - select action, (/) - cycle Dir - look around, f - activate You miscast Scorch.
Nothing appears to happen.
* * * LOW HITPOINT WARNING * * *
The human zombie hits you.
* * * LOW HITPOINT WARNING * * *
The human zombie hits you.
You die...

######### #...#...#
...8...# .......#
##############8...8##
#...#...#...#.......#
#.∩.'...8...#...8...#
#...#....Z..#...#...#
##'###8..@8###'######
#...#.......#...#??!#
#.∩.#...8...'...#?.?+
#...#...#...#...#!.!#
#####################


You could see a human zombie.

Vanquished Creatures
  A necrophage (D:4)
  An ogre (D:4)
  3 scorpions
  A centaur zombie (Ossuary)
  An iguana (D:5)
  3 orc wizards (D:4)
  A killer bee zombie (D:4)
  A howler monkey skeleton (D:4)
  8 adders
  A shadow imp (D:3)
  A white imp (D:3)
  An ufetubus (D:4)
  An adder skeleton (D:4)
  4 worms
  4 dart slugs
  13 orcs (D:4)
  9 ball pythons
  2 bats
  2 endoplasms
  A giant cockroach (D:1)
  A gnoll zombie (Ossuary)
  6 goblins
  7 hobgoblins
  4 kobolds (D:2)
  4 quokkas
  A frilled lizard (D:1)
  A goblin zombie (D:3)
  4 hobgoblin zombies (D:3)
  2 kobold skeletons (D:3)
  6 kobold zombies
  An orc skeleton (D:3)
  An orc zombie (D:3)
  A rat (D:3)
98 creatures vanquished.

Notes
Turn   | Place    | Note
-------+----------+-------------------------------------------
     0 | D:1      | lunkers the Djinni Cinder Acolyte began the quest for the
                  | Orb.
     0 | D:1      | Reached XP level 1. HP: 20/20 MP: 0/0
   422 | D:1      | Reached XP level 2. HP: 24/25 MP: 0/0
  1424 | D:2      | Reached XP level 3. HP: 17/30 MP: 0/0
  1424 | D:2      | Learned a level 1 spell: Magic Dart
  1984 | D:2      | Found a faded altar of an unknown god.
  2332 | D:2      | Reached XP level 4. HP: 28/36 MP: 0/0
  3102 | D:3      | Found a blossoming altar of Fedhas.
  3102 | D:3      | Found a sacrificial altar of Ru.
  3151 | D:3      | Reached XP level 5. HP: 35/41 MP: 0/0
  3151 | D:3      | Learned a level 2 spell: Ensorcelled Hibernation
  3346 | D:3      | Found a glowing golden altar of the Shining One.
  3947 | D:3      | Found a shadowy altar of Dithmenos.
  4485 | D:4      | Noticed an ogre
  4493 | D:4      | Killed an ogre
  4494 | D:4      | Reached XP level 6. HP: 33/48 MP: 0/0
  4558 | D:4      | Identified the +0 ring mail of Elitism {+Blink rF+ rC+
                  | Int-3}
  5766 | D:4      | Noticed a necrophage
  5777 | D:4      | Killed a necrophage
  5778 | D:4      | Reached skill level 5 in Fighting
  5778 | D:4      | Reached skill level 5 in Spellcasting
  5778 | D:4      | Reached XP level 7. HP: 42/54 MP: 0/0
  5778 | D:4      | Learned a level 2 spell: Wereblood
  6220 | D:4      | Found a hazy altar of Hepliaklqana.
  6297 | D:5      | Entered Level 5 of the Dungeon
  6677 | D:5      | Found Wukeh's Serpentskin Sales.
  6840 | D:5      | Found a sand-covered staircase.
  6916 | Ossuary  | Entered an ossuary
  7073 | Ossuary  | Reached XP level 8. HP: 2/60 MP: 0/0
  7074 | Ossuary  | HP: 2/60 [human zombie (4)]
  7075 | Ossuary  | Slain by a human zombie

Illustrated notes

Levels and vault maps discovered:
D:1:      dpeg_arrival_circle_labyrinth_a, layout_loops_ring
D:2:      layout_rooms, chequers_ecumenical_altar_island, minmay_misc_feat_rows,
          minmay_snake_closets
D:3:      layout_loops_ring, nicolae_tso_besieged_by_evil,
          nicolae_overflow_quartered_altars
D:4:      layout_basic, lemuel_coloured_pillars_altar
D:5:      layout_basic, mainiacjoe_overflow_boulevard,
          minmay_temple_entry_offerings, enter_ossuary_2, guppyfry_shop_venom
Ossuary:  ossuary_minmay_scorpions

Skill      XL: |  1  2  3  4  5  6 |
---------------+-------------------+-----
Spellcasting   | 3 4 5 |  5.7
Fighting       | 4 5 |  5.5
Short Blades   | |  2.6

Action                   |  1- 3 |  4- 6 |  7- 9 || total
-------------------------+-------+-------+-------++-------
Melee: Short sword       |    15 |       |       ||    15
       Staff             |    30 |       |     2 ||    32
 Cast: Scorch            |    15 |    89 |    45 ||   149
       Magic Dart        |    40 |    36 |     7 ||    83
  Use: Scroll            |       |     3 |       ||     3
       Potion            |       |       |     2 ||     2
Armor: Robe              |    11 |       |       ||    11
       Ring mail         |     1 |    12 |    20 ||    33
Dodge: Dodged            |    35 |    12 |    19 ||    66
Block: Buckler           |       |     2 |     5 ||     7

Table legend: (Time is in decaauts)
 A = Elapsed time spent in this place.
 B = Non-inter-level travel time spent in this place.
 C = Inter-level travel time spent in this place.
 D = Time resting spent in this place.
 E = Time spent auto-exploring this place.
 F = Levels seen in this place.
 G = Mean time per level.
                   A        B        C        D        E       F      G
               +--------+--------+--------+--------+--------+-----+--------+
         Total |   7080 |   6936 |    144 |    560 |   5667 |   6 | 1180.0 |
       Dungeon |   6921 |   6777 |    144 |    560 |   5549 |   5 | 1384.2 |
       Ossuary |    158 |    158 |      0 |      0 |    118 |   1 |  158.0 |
               +--------+--------+--------+--------+--------+-----+--------+

Top non-repeatable levels by time:
     D:4: 1853 daAuts
     D:1: 1583 daAuts
     D:2: 1452 daAuts
     D:3: 1412 daAuts
     D:5: 619 daAuts
 Ossuary: 158 daAuts
